 Dungeon Crawl Stone Soup version 0.17-a0-1504-gb7d9117 (webtiles) character file.

426 urechis the Grappler (level 6, -9/59 HPs)
             Began as a Troll Monk on July 7, 2015.
             Killed by divine providence
             ... invoked by an orc priest
              (15 damage)
             ... on level 4 of the Dungeon.
             The game lasted 00:04:44 (2140 turns).

urechis the Grappler (Troll Monk)                   Turns: 2140, Time: 00:04:45

Health: -9/59      AC:  6    Str: 22    XL:     6   Next: 64%
Magic:  5/5        EV: 10    Int:  6    God:
Gold:   197        SH:  0    Dex: 12    Spells: 0 memorised, 5 levels left

rFire  . . .     SeeInvis .       - Unarmed
rCold  . . .     Clarity  .     a - +0 robe
rNeg   . . .     SustAt   .     (no shield)
rPois  .         Gourm    +     d - +1 hat
rElec  .         Spirit   .     (no cloak)
rCorr  .         Warding  .     (gloves unavailable)
rMut   .         Stasis   .     (boots unavailable)
MR     .....                    (no amulet)
Stlth  +.........               (no ring)
                                (no ring)

@: not resistant to hostile enchantments, very unstealthy
A: unfitting armour, claws 3, fast metabolism 3, gourmand, regeneration 2,
shaggy fur 1, tough skin 2
a: no special abilities


You were on level 4 of the Dungeon.
You were very full.

You visited 1 branch of the dungeon, and saw 4 of its levels.

You collected 197 gold pieces.

Inventory:

Missiles
 f - 9 poisoned needles
Armour
 a - a +0 robe (worn)
 d - a +1 hat (worn)
Scrolls
 c - 2 scrolls of fog {unknown}
 g - 3 scrolls of identify {unknown}
 j - 2 scrolls of remove curse {unknown}
 m - a scroll of immolation {unknown}
 n - 2 scrolls of noise {unknown}
 q - a scroll of magic mapping {unknown}
 r - 2 scrolls of blinking {unknown}
 s - 2 scrolls of amnesia {unknown}
 t - a scroll of random uselessness {unknown}
 v - a scroll of teleportation {unknown}
Potions
 e - 4 potions of curing {unknown}
 i - 3 potions of heal wounds {unknown}
 k - a potion of might {unknown}
 l - 2 potions of degeneration {unknown}
 o - a potion of magic {unknown}
Comestibles
 b - 4 bread rations
 h - a slice of pizza
 p - a meat ration
 u - 4 fruits


   Skills:
 - Level 2.4 Fighting
 - Level 2.4 Dodging
 - Level 1.1 Stealth
 + Level 8.1 Unarmed Combat


You had 5 spell levels left.
You didn't know any spells.

Dungeon Overview and Level Annotations

Branches:
Dungeon (4/15)
 Temple: D:4-7

Altars:
Trog

Annotations:
D:4 Xoff's ghost, average OpWz


Innate Abilities, Weirdness & Mutations

You are too large for most types of armour.
You have claws for hands.
Your metabolism is lightning-fast.
You like to eat raw meat.
You heal very quickly.
You are covered in fur (AC +1).
You have very tough skin (AC +2).


Message History

The worker ant bites you but does no damage.
You claw the worker ant!
You kill the worker ant!
Your Unarmed Combat skill increases to level 8!
Your life force feels restored.
The orc priest calls down the wrath of Beogh upon you.
Something smites you!
You claw the orc!
You kill the orc!
You barely miss the orc. The orc hits you but does no damage.
You closely miss the orc.
The orc priest casts a cantrip, but nothing happens.
You scratch the orc but do no damage.
The orc priest invokes the aid of Beogh against you.
Something smites you!
* * * LOW HITPOINT WARNING * * *
The orc hits you but does no damage.
The orc priest invokes the aid of Beogh against you.
Something smites you!
You die...

#.#########...#
#.............#
....#..######...#
######..### ##### ##...#
##### ###.####...#
###############..)))...#
.#............o#####....#
......)......ooo@.......#
..........###########...#
..$.####### #...# ...
#...# . #...# #####


You could see 2 orc priests and 2 orcs.

Vanquished Creatures
  Edmund (D:4)
  2 scorpions (D:4)
  An orc priest (D:4)
  2 worker ants (D:4)
  3 adders
  An ooze (D:4)
  3 worms
  An adder skeleton (D:4)
  2 giant geckos
  7 orcs
  10 bats
  3 giant cockroaches
  7 goblins
  11 hobgoblins
  8 kobolds
  2 quokkas
  A ball python (D:3)
  2 giant newts
  10 jackals
  A jackal skeleton (D:4)
  5 rats
83 creatures vanquished.

Notes
Turn   | Place    | Note
--------------------------------------------------------------
     0 | D:1      | urechis the Troll Monk began the quest for the Orb.
     0 | D:1      | Reached XP level 1. HP: 22/22 MP: 0/0
   172 | D:1      | Reached XP level 2. HP: 18/29 MP: 1/1
   629 | D:2      | Reached skill level 5 in Unarmed Combat
   653 | D:2      | Reached XP level 3. HP: 32/36 MP: 2/2
  1048 | D:2      | Found a bloodstained altar of Trog.
  1090 | D:3      | Reached XP level 4. HP: 40/44 MP: 3/3
  1601 | D:3      | Reached skill level 6 in Unarmed Combat
  1886 | D:4      | Noticed Xoff's ghost (average OpWz)
  1897 | D:4      | Reached XP level 5. HP: 25/50 MP: 4/4
  2089 | D:4      | Reached skill level 7 in Unarmed Combat
  2096 | D:4      | Reached XP level 6. HP: 49/59 MP: 5/5
  2114 | D:4      | Noticed Edmund
  2123 | D:4      | Killed Edmund
  2136 | D:4      | Reached skill level 8 in Unarmed Combat
  2140 | D:4      | Killed from afar by an orc priest

Vault maps used:
D:1:      dpeg_arrival_water_temple_mockup
D:2:      lightli_temple_of_fire
D:3:      first_bread, minmay_crystal_room
D:4:      kennysheep_mini, serial_shops, shop, uniq_duvessa, uniq_grinder,
          uniq_edmund

Action                   |  1- 3 |  4- 6 || total
-------------------------+-------+-------++-------
Melee: Unarmed           |   124 |   118 ||   242
 Stab: Sleeping          |     2 |     1 ||     3
  Eat: Chunk             |     9 |    14 ||    23
